 Dungeon Crawl Stone Soup version 0.31.0-32-g396128a36d (webtiles) character file.

Game seed: 17765719157230511256

256 Peloso the Trooper (level 5, -2/48 HPs)
             Began as a Minotaur Fighter on Apr 16, 2024.
             Slain by a gnoll
             ... wielding a +0 halberd
              (7 damage)
             ... on level 4 of the Dungeon.
             The game lasted 00:02:52 (2655 turns).

Peloso the Trooper (Minotaur Fighter)               Turns: 2655, Time: 00:02:53

Health: -2/48      AC:  7    Str: 20    XL:     5   Next: 92%
Magic:  4/4        EV: 10    Int:  5    God:
Gold:   127        SH:  5    Dex: 12    Spells: 4/4 levels left

rFire   . . .        a - +0 long sword
rCold   . . .        c - +0 buckler
rNeg    . . .        b - +0 scale mail
rPois   .            (helmet restricted)
rElec   .            (no cloak)
rCorr   .            (no gloves)
SInv    .            (no boots)
Will    .....        (no amulet) Stlth
                     (no ring)
HPRegen 0.28/turn    (no ring)
MPRegen 0.09/turn

%: no passive effects
@: no status effects
A: horns 2, retaliatory headbutt
a: no special abilities


You were on level 4 of the Dungeon.
You visited 2 branches of the dungeon, and saw 5 of its levels.

You collected 127 gold pieces.

Inventory:

Hand Weapons
 a - a +0 long sword (weapon)
Missiles
 g - a throwing net (quivered)
Armour
 b - a +0 scale mail (worn)
 c - a +0 buckler (worn)
Talismans
 m - a flux talisman
Scrolls
 e - a scroll of enchant armour {unknown}
 h - a scroll of fear {unknown}
 i - a scroll of butterflies {unknown}
 j - a scroll of noise {unknown}
 l - a scroll of blinking {unknown}
Potions
 d - 2 potions of might
 f - a potion of ambrosia
 k - 2 potions of curing
 n - a potion of brilliance {unknown}
 o - a potion of heal wounds {unknown}


   Skills:
 + Level 5.0 Fighting
 + Level 4.5 Long Blades
 + Level 4.9 Armour
 + Level 2.0 Dodging
 + Level 0.1 Stealth
 + Level 4.2 Shields


You had 4 spell levels left.
You didn't know any spells.
Your spell library was empty.

Dungeon Overview and Level Annotations

Branches:
Dungeon (4/15)             Temple (1/1) D:4

Altars:
Ashenzari
Cheibriados
Dithmenos
Fedhas
Gozag
Makhleb
Nemelex Xobeh
Qazlal
Vehumet
Wu Jian
Xom
The Shining One


Innate Abilities, Weirdness & Mutations

You have a pair of horns on your head.
You reflexively headbutt those who attack you in melee.


Message History

Your Dodging skill increases to level 2!
You barely miss the hound. The hound bites you.
* * * LOW HITPOINT WARNING * * *
The hound bites you but does no damage.
You hit the hound.
The hound is moderately wounded.
The hound barely misses you. You furiously retaliate!
You headbutt the hound. You block the hound's attack.
You closely miss the hound. You headbutt the hound.
The hound is severely wounded.
You block the hound's attack. The hound bites you.
* * * LOW HITPOINT WARNING * * *
You hit the hound.
The hound is severely wounded.
The hound closely misses you. You furiously retaliate!
You headbutt the hound!
You kill the hound!
Your Fighting skill increases to level 5!
Things that are here:
a +0 halberd; a hound corpse; a gnoll corpse A gnoll comes into view.
It is wielding a +0 halberd.
The gnoll shouts!
Things that are here:
a +0 halberd; a hound corpse; a gnoll corpse The gnoll hits you from afar with a +0 halberd!
* * * LOW HITPOINT WARNING * * *
The gnoll hits you with a +0 halberd.
* * * LOW HITPOINT WARNING * * *
Things that are here:
a +0 halberd; a hound corpse; a gnoll corpse You hit the gnoll.
You headbutt the gnoll, but do no damage.
The gnoll is moderately wounded.
You block the gnoll's attack.
You hit the gnoll.
The gnoll is moderately wounded.
You block the gnoll's attack.
You closely miss the gnoll.
The gnoll is moderately wounded.
The gnoll barely misses you. The gnoll hits you with a +0 halberd!
You die... ##.PPPPPP

......... ........
#.....# #.....#
####### #.....#
.P.....#####.....#
.P~~~~....##g....#
#P~~~~....##@#...?..
#~~~~.~...##.# #####
#P~.~~.....).# .#
#......#.##### .#
#..##...#
#######....######
.........>........
.....####.#.......
.....# ##.#.####..


You could see a gnoll.

Vanquished Creatures
  A water moccasin skeleton (D:4)
  A hound (D:4)
  A scorpion zombie (D:4)
  4 adders
  5 gnolls
  An adder zombie (D:4)
  3 ribbon worms
  3 orcs (D:3)
  2 bats (D:2)
  9 endoplasms
  2 giant cockroaches
  3 goblins
  8 hobgoblins
  2 kobolds
  3 quokkas
  3 ball pythons
  4 frilled lizards
  4 rats
59 creatures vanquished.

Notes
Turn   | Place    | Note
-------+----------+-------------------------------------------
     0 | D:1      | Peloso the Minotaur Fighter began the quest for the Orb.
     0 | D:1      | Reached XP level 1. HP: 19/19 MP: 0/0
   181 | D:1      | Reached XP level 2. HP: 17/27 MP: 1/1
   661 | D:1      | Found Ivullum's Book Shoppe.
   975 | D:2      | Reached skill level 4 in Fighting
  1013 | D:2      | Reached XP level 3. HP: 33/33 MP: 2/2
  1275 | D:2      | Reached XP level 4. HP: 40/40 MP: 3/3
  2167 | D:3      | Found a faded altar of an unknown god.
  2296 | D:3      | Found a burning altar of Makhleb.
  2481 | D:4      | Found a staircase to the Ecumenical Temple.
  2491 | Temple   | Entered the Ecumenical Temple
  2531 | D:4      | Reached skill level 1 in Dodging
  2531 | D:4      | Reached XP level 5. HP: 41/47 MP: 4/4
  2613 | D:4      | Reached skill level 5 in Fighting
  2655 | D:4      | Slain by a gnoll

Illustrated notes

Levels and vault maps discovered:
D:1:      mrwooster_arrival_statue_2, layout_basic, serial_shops,
          nicolae_shop_behind_doors, grunt_decor_clamped
D:2:      layout_basic, minmay_diced_spiral
D:3:      layout_loops_ring, lightli_temple_of_fire, basic_ecumenical_altar
D:4:      layout_basic, zin_treasury, elyvilon_altar_1, temple_green,
          serial_undead, serial_undead_e, serial_undead_b, serial_undead_f,
          serial_undead_a, serial_undead_c, dreamdust_gnoll_farm
Temple:   grunt_temple_mini_profane

Skill      XL: |  1  2  3  4  5 |
---------------+----------------+-----
Fighting       | 4 5 |  5.0
Armour         | 4 |  4.9
Long Blades    | 3 4 |  4.5
Shields        | 4 |  4.2
Dodging        | 1 2 |  2.0
Stealth        | |  0.1

Action                     |  1- 3 |  4- 6 || total
---------------------------+-------+-------++-------
  Melee: Long sword        |    71 |   100 ||   171
         Headbutt          |     8 |    12 ||    20
    Use: Potion            |     1 |     1 ||     2
         Scroll            |       |     1 ||     1
 Armour: Scale mail        |    59 |    77 ||   136
  Dodge: Dodged            |    42 |    49 ||    91
  Block: Buckler           |    20 |    24 ||    44
